 Dungeon Crawl Stone Soup version 0.23-a0-54-gae6112e (webtiles) character file.

83 Arexsocan the Covered (level 4, -5/29 HPs)
             Began as a Gargoyle Fighter on Aug 8, 2018.
             Slain by Crazy Yiuf
             ... wielding a +4 quarterstaff of chaos
              (20 damage)
             ... on level 2 of the Dungeon.
             The game lasted 00:05:24 (1211 turns).

Arexsocan the Covered (Gargoyle Fighter)            Turns: 1211, Time: 00:05:25

Health: -5/29      AC: 10    Str: 20    XL:     4   Next: 44%
Magic:  0/4        EV:  7    Int:  8    God:
Gold:   85         SH:  9    Dex: 10    Spells: 3/3 levels left

rFire    . . .     SeeInvis .   g - +0 mace
rCold    . . .     Gourm    .   c - +0 shield
rNeg     + . .     Faith    .   b - +0 scale mail
rPois    ∞         Spirit   .   (no helmet)
rElec    +         Reflect  .   (no cloak)
rCorr    .         Harm     .   (no gloves)
MR       .....                  (no boots)
Stlth    ..........             (no amulet)
HPRegen  0.09/turn              (no ring)
MPRegen  0.09/turn              (no ring)

@: no status effects
A: negative energy resistance 1, electricity resistance, unbreathing,
petrification resistance, rot immunity, AC +3
a: no special abilities


You were on level 2 of the Dungeon.
You were not hungry.

You visited 1 branch of the dungeon, and saw 2 of its levels.

You collected 85 gold pieces.

Inventory:

Hand Weapons
 a - a +0 flail
 g - a +0 mace (weapon)
Armour
 b - a +0 scale mail (worn)
 c - a +0 shield (worn)
Jewellery
 i - an uncursed ring of fire {unknown}
 l - a cursed amulet of inaccuracy {unknown}
Scrolls
 h - 5 scrolls of identify {unknown}
 j - 2 scrolls of magic mapping {unknown}
 k - 2 scrolls of teleportation {unknown}
 m - a scroll of blinking {unknown}
 o - a scroll of immolation {unknown}
 p - a scroll of enchant weapon {unknown}
 q - a scroll of fog {unknown}
 r - a scroll of fear {unknown}
Potions
 d - a potion of might
 e - a potion of brilliance {unknown}
 n - a potion of mutation {unknown}
Comestibles
 f - a ration


   Skills:
 + Level 3.8 Fighting
 + Level 3.0 Maces & Flails
 + Level 3.9 Armour
 + Level 0.1 Dodging
 * Level 1.5 Stealth
 + Level 3.6 Shields


You had 3 spell levels left.
You didn't know any spells.
Your spell library was empty.

Dungeon Overview and Level Annotations

Branches:
Dungeon (2/15)

Altars:
The Shining One

Annotations:
D:2 Crazy Yiuf


Innate Abilities, Weirdness & Mutations

You are resistant to torment.
Your stone body is resilient. (AC +3)
You are immune to poison.
You resist negative energy. (rN+)
You are resistant to electric shocks. (rElec)
You can survive without breathing.
You are immune to petrification.
You are immune to rotting.


Message History

There is an open door here.
You hit Crazy Yiuf but do no damage.
Crazy Yiuf says, "You!"
Crazy Yiuf hits you with a quarterstaff of chaos.
You feel your power leaking away.
You hit Crazy Yiuf.
Crazy Yiuf is moderately wounded.
Crazy Yiuf glowers.
Crazy Yiuf hits you with a quarterstaff of chaos!
You feel your power leaking away. You block Crazy Yiuf's attack.
You hit Crazy Yiuf.
Crazy Yiuf is moderately wounded.
You block Crazy Yiuf's attack.
You barely miss Crazy Yiuf.
Crazy Yiuf is moderately wounded.
Crazy Yiuf hits you with a quarterstaff of chaos.
Space warps horribly around you!
Ouch! That really hurt!
You die...

#....#..........#######.#
##.###.#########.##......#
...# #.#
#######...########
.#####.## #........... .#
#...# ##### #..#########
.# #...# #..)# #..# .#
#...# #.).# #.### .# ##.##
#.g.# #...# .# #.# #@#
#.#.# ## #.# ♣♣.♣ #.#.#
#.##### ♣.♣♣ #.#.########
#.##..# ♣♣.♣ #..#........
#.##.## ♣)♣♣ #.#.########
###.##.# ♣♣.♣♣ #.#.#.##
####......# ♣...♣♣
#.#....## .....#.##.#
♣....♣ #.......#
######.##.## #....#
####.÷.#####


You could see Crazy Yiuf.

Vanquished Creatures
  Terence (D:2)
  An adder (D:2)
  An ooze (D:2)
  A worm (D:2)
  3 dart slugs (D:1)
  2 leopard geckos
  2 bats
  2 giant cockroaches (D:2)
  6 goblins
  5 hobgoblins
  A quokka (D:2)
  A ball python (D:2)
  4 frilled lizards
  3 kobolds
  4 rats
37 creatures vanquished.

Notes
Turn   | Place    | Note
-------+----------+-------------------------------------------
     0 | D:1      | Arexsocan the Gargoyle Fighter began the quest for the Orb.
     0 | D:1      | Reached XP level 1. HP: 14/14 MP: 1/1
   288 | D:1      | Reached XP level 2. HP: 14/19 MP: 2/2
   410 | D:1      | Reached XP level 3. HP: 12/23 MP: 3/3
   642 | D:2      | Found a glowing golden altar of the Shining One.
   674 | D:2      | Noticed Terence
   708 | D:2      | Killed Terence
   708 | D:2      | Reached skill level 1 in Stealth
   726 | D:2      | Reached XP level 4. HP: 19/29 MP: 4/4
  1202 | D:2      | Found a runed door.
  1206 | D:2      | Noticed Crazy Yiuf
  1211 | D:2      | Slain by Crazy Yiuf

Vault maps used:
D:1:      nagdon_arrival_double_spiral
D:2:      nicolae_tso_carved_into_rock, uniq_terence, uniq_crazy_yiuf_cottage

Skill      XL: |  1  2  3  4 |
---------------+-------------+-----
Stealth        | 1 |  1.5
Maces & Flails | 3 |  3.0
Fighting       | |  3.8
Armour         | |  3.9
Dodging        | |  0.1
Shields        | |  3.6

Action                   |  1- 3 |  4- 6 || total
-------------------------+-------+-------++-------
Melee: Mace              |   108 |    39 ||   147
       Flail             |     5 |       ||     5
  Eat: Chunk             |       |     1 ||     1
Armor: Scale mail        |    50 |    12 ||    62
Dodge: Dodged            |    25 |     7 ||    32
Block: Shield            |    32 |    21 ||    53

Table legend:
 A = Spawn XP
 B = Non-spawn XP
 C = Spawn XP percentage of total XP
 D = Spawn monster count
 E = Non-spawn monster count
 F = Spawn count percentage of total count
 G = Total turns spent on level
                    A         B        C        D         E        F      G
               +---------+---------+-------+---------+---------+-------+---------
         Total |       0 |     119 |   0.0 |       0 |      37 |   0.0 |  1211
               +---------+---------+-------+---------+---------+-------+---------
           D:1 |       0 |      36 |   0.0 |       0 |      18 |   0.0 |   536
           D:2 |       0 |      83 |   0.0 |       0 |      19 |   0.0 |   675
               +---------+---------+-------+---------+---------+-------+---------
